 Dungeon Crawl Stone Soup version 0.23-a0-494-g91793a9 (webtiles) character file.

52 Blackhawk the Skirmisher (level 3, 0/49 HPs)
             Began as a Minotaur Berserker on Dec 3, 2018.
             Was a Believer of Trog.
             Slain by Natasha (5 damage)
             ... on level 2 of the Dungeon.
             The game lasted 00:01:10 (962 turns).

Blackhawk the Skirmisher (Minotaur Berserker)        Turns: 962, Time: 00:01:10

Health: 0/49       AC:  2    Str: 27    XL:     3   Next: 60%
Magic:  2/2        EV: 12    Int:  4    God:    Trog [**....]
Gold:   47         SH:  0    Dex:  9    Spells: 2/2 levels left

rFire    . . .     SeeInvis .   a - +0 hand axe
rCold    . . .     Gourm    .   (no shield)
rNeg     . . .     Faith    .   b - +0 animal skin
rPois    .         Spirit   .   (helmet restricted)
rElec    .         Reflect  .   (no cloak)
rCorr    .         Harm     .   (no gloves)
MR       .....                  (no boots)
Stlth    ..........             (no amulet)
HPRegen  0.16/turn              (no ring)
MPRegen  0.08/turn              (no ring)

@: berserking, very quick
A: retaliatory headbutt, horns 2
a: Berserk, Trog's Hand, Renounce Religion


You were on level 2 of the Dungeon.
You worshipped Trog.
Trog was pleased with you.
You were very hungry.

You visited 1 branch of the dungeon, and saw 2 of its levels.

You collected 47 gold pieces.

Inventory:

Hand Weapons
 a - a +0 hand axe (weapon)
Missiles
 g - 64 stones (quivered)
 i - 20 bolts
Armour
 b - a +0 animal skin (worn)
Scrolls
 d - 2 scrolls of teleportation {unknown}
 e - a scroll of remove curse {unknown}
Potions
 h - a potion of brilliance {unknown}
Comestibles
 c - 3 rations


   Skills:
 + Level 4.2 Fighting
 + Level 4.2 Axes
 + Level 3.1 Armour
 + Level 2.9 Dodging


You had 2 spell levels left.
You didn't know any spells.
Your spell library was empty.

Dungeon Overview and Level Annotations

Branches:
Dungeon (2/15)

Altars:

Annotations:
D:2 Natasha


Innate Abilities, Weirdness & Mutations

You reflexively headbutt those who attack you in melee.
You have a pair of horns on your head.


Message History

You hit Natasha.
Natasha is lightly wounded.
Natasha closely misses you.
You barely miss Natasha.
Natasha is lightly wounded.
Natasha casts a spell at you. You resist with significant effort.
You hit Natasha but do no damage. Your headbutt misses Natasha.
Natasha is lightly wounded.
Natasha closely misses you. You furiously retaliate!
You headbutt Natasha, but do no damage. Natasha claws you.
You hit Natasha.
Natasha is moderately wounded.
Natasha claws you!
* * * LOW HITPOINT WARNING * * *
A red film seems to cover your vision as you go berserk!
You feel yourself moving faster!
You feel mighty!
You are feeling very hungry.
Natasha claws you.
You die...

.###..#.........##.#
......).........##.#
.........)......##..
####..#............
#....#.........##
#.#. ##......#.#
#.(.. ##.......# #
....####......#
.......h@....$.....
..............####
....!........##
.##.########## #


You could see Natasha.

Vanquished Creatures
  An adder (D:2)
  An ooze (D:1)
  A dart slug (D:2)
  2 leopard geckos
  3 bats (D:1)
  2 giant cockroaches (D:1)
  3 hobgoblins
  2 jackals (D:1)
  3 frilled lizards (D:1)
  3 goblins (D:1)
  9 kobolds
  3 rats (D:1)
33 creatures vanquished.

Notes
Turn   | Place    | Note
-------+----------+-------------------------------------------
     0 | D:1      | Blackhawk the Minotaur Berserker began the quest for the
                  | Orb.
     0 | D:1      | Reached XP level 1. HP: 19/19 MP: 0/0
   179 | D:1      | Reached XP level 2. HP: 21/27 MP: 1/1
   531 | D:1      | Reached ** piety under Trog
   555 | D:1      | Reached XP level 3. HP: 33/33 MP: 2/2
   953 | D:2      | Noticed Natasha
   962 | D:2      | Slain by Natasha

Vault maps used:
D:1:      lemuel_arrival_hallway
D:2:      lemuel_coloured_pillars_altar, uniq_natasha

Skill      XL: |  1  2  3 |
---------------+----------+-----
Axes           | 4 |  4.2
Fighting       | 4 |  4.2
Armour         | 3 |  3.1
Dodging        | |  2.9

Action                   || total
-------------------------++-------
Melee: Hand axe          ||    57
       Headbutt          ||     8
Invok: Berserk           ||     2
 Stab: Sleeping          ||     2
  Eat: Chunk             ||     1
Armor: Animal skin       ||     8
Dodge: Dodged            ||    38

Table legend:
 A = Non-vault XP
 B = Vault XP
 C = Vault XP percentage of total XP
 D = Non-vault monster count
 E = Vault monster count
 F = Vault count percentage of total count
                 A         B        C        D         E       F
            +---------+---------+-------+---------+---------+-------
      Total |      75 |       0 |   0.0 |      33 |       0 |   0.0
            +---------+---------+-------+---------+---------+-------
        D:1 |      50 |       0 |   0.0 |      28 |       0 |   0.0
        D:2 |      25 |       0 |   0.0 |       5 |       0 |   0.0
            +---------+---------+-------+---------+---------+-------
